 Dungeon Crawl Stone Soup version 0.24.0-123-gd5b16e6ec5 (webtiles) character file.

Game seed: 6794309502936729426, levelgen mode: deterministic

292 Briareos the Conjurer (level 6, -6/47 HPs)
             Began as a Draconian Conjurer on Nov 15, 2019.
             Killed from afar by Ijyb (23 damage)
             ... with a bolt of acid
             ... on level 5 of the Dungeon on Dec 18, 2019.
             The game lasted 00:29:05 (4670 turns).

Briareos the Conjurer (Draconian Conjurer)          Turns: 4670, Time: 00:29:05

Health: -6/47      AC:  6    Str: 10    XL:     6   Next: 10%
Magic:  3/9        EV: 12    Int: 17    God:
Gold:   185        SH:  0    Dex: 12    Spells: 4/10 levels left

rFire    . . .     SeeInvis .   p - +1 dagger (elec)
rCold    . . .     Gourm    +   (no shield)
rNeg     . . .     Faith    .   (armour unavailable)
rPois    .         Spirit   .   (helmet restricted)
rElec    .         Reflect  .   (no cloak)
rCorr    .         Harm     .   (no gloves)
MR       .....                  (no boots)
Stlth    +++.......             n - amulet of the gourmand
HPRegen  0.15/turn              q - ring of stealth
MPRegen  0.11/turn              (no ring)

@: no status effects
A: unfitting armour, cold-blooded, AC +6
a: no special abilities


You were on level 5 of the Dungeon.
You were completely stuffed.

You visited 1 branch of the dungeon, and saw 5 of its levels.

You collected 185 gold pieces.

Inventory:

Hand Weapons
 e - a +0 club
 g - a +0 club
 j - a +0 short sword
 p - a +1 dagger of electrocution (weapon)
 s - a +0 hunting sling
 w - a +0 short sword
 x - a +0 rapier
 y - a +0 club
 z - a +0 falchion
Missiles
 a - 5 poisoned darts (quivered)
 d - 81 stones
 l - 2 boomerangs
 o - 12 bolts
 A - 25 arrows
Armour
 f - a +0 leather armour
 r - a cursed -2 scale mail
 B - a +1 robe
Jewellery
 n - an amulet of the gourmand (around neck)
 q - a ring of stealth (left hand)
Scrolls
 u - a scroll of immolation {unknown}
 v - 3 scrolls of teleportation
Potions
 c - a potion of ambrosia {unknown}
 h - 3 potions of haste
 i - a potion of brilliance {unknown}
 k - a potion of resistance {unknown}
 m - a potion of lignification {unknown}
 t - a potion of degeneration {unknown}
 C - a potion of curing
 D - a potion of heal wounds {unknown}
Comestibles
 b - 8 rations
 E - 5 chunks of flesh


   Skills:
 + Level 1.4 Fighting
 + Level 2.0 Short Blades
 + Level 2.6 Throwing
 + Level 2.5 Dodging
 + Level 2.6 Stealth
 + Level 0.2 Unarmed Combat
 + Level 2.6 Spellcasting
 + Level 4.7 Conjurations


You had 4 spell levels left.
You knew the following spells:

 Your Spells              Type           Power        Failure   Level  Hunger
a - Magic Dart            Conj           ###.         2%          1    #......
b - Searing Ray           Conj           ###...       4%          2    ##.....
c - Dazzling Spray        Conj/Hex       ##....       21%         3    ###....

Your spell library contained the following spells:

 Spells                   Type           Power        Failure   Level  Hunger
 Beastly Appendage        Tmut           #.....       19%         1    #......
 Iskenderun's Mystic Bla  Conj           ###.....     26%         4    #####..
 Sticks to Snakes         Tmut           #.......     28%         2    ##.....
 Spider Form              Tmut/Pois      #.........   50%         3    ###....
 Force Lance              Conj/Tloc      ##......     56%         4    #####..
 Fulminant Prism          Conj/Hex       ##........   56%         4    #####..
 Ice Form                 Ice/Tmut       #.......     88%         4    #####..
 Blade Hands              Tmut           #.........   99%         5    ######.


Dungeon Overview and Level Annotations

Branches:
Dungeon (5/15)
 Temple: D:4-7

Altars:
Gozag
Hepliaklqana
Uskayaw

Shops:
D:4 [

Annotations:
D:5 Ijyb


Innate Abilities, Weirdness & Mutations

Your plain brown scales are hard. (AC +6)
You cannot fit into any form of body armour.
You are cold-blooded and may be slowed by cold attacks.


Message History

The magic dart hits Ijyb.
Ijyb is moderately wounded.
Casting: Magic Dart (safe; 2% risk of failure)
Confirm with . or Enter, or press ? or * to list all spells.
Aiming: Magic Dart (safe; 2% risk of failure)
Press: ? - help, Shift-Dir - straight line, f/p - Ijyb
Aim: Ijyb, wearing a +2 ring mail of cold resistance and carrying a wand of acid (8) (moderately wounded, blind)
The magic dart hits Ijyb.
Ijyb is moderately wounded.
Ijyb is no longer blind.
Throwing (i - inventory. (/) - cycle)
a - 7 poisoned darts (quivered)
Press: ? - help, Shift-Dir - straight line, f/p - Ijyb
Aim: Ijyb, wearing a +2 ring mail of cold resistance and carrying a wand of acid (8) (moderately wounded)
You throw a poisoned dart. The poisoned dart closely misses Ijyb.
Throwing (i - inventory. (/) - cycle)
a - 6 poisoned darts (quivered)
Press: ? - help, Shift-Dir - straight line, f/p - Ijyb
Aim: Ijyb, wearing a +2 ring mail of cold resistance and carrying a wand of acid (8) (moderately wounded)
You throw a poisoned dart. The poisoned dart barely misses Ijyb.
Ijyb zaps a wand.
The bolt of acid hits you!!
You die...

#######
#######[....#
#....)..#.#.#
#.#######.#.# #'#
#.....#.####... ...
#.....#@.g....(
#oo..#.....#####....
#..o.#.....<........
#..o.#>...#########
#....####.# ...###
#.# #.# #.# #.#


You could see Ijyb.

Vanquished Creatures
  2 orc priests
  An iguana (D:4)
  3 worker ants
  4 adders
  An ooze (D:1)
  3 worms
  A dart slug (D:1)
  2 leopard geckos
  6 orcs
  6 giant cockroaches
  10 goblins
  8 hobgoblins
  2 jackals (D:3)
  4 quokkas
  A ball python (D:2)
  3 bats
  8 frilled lizards
  A jackal skeleton (D:3)
  7 kobolds
  7 rats
80 creatures vanquished.

Notes
Turn   | Place    | Note
-------+----------+-------------------------------------------
     0 | D:1      | Briareos the Draconian Conjurer began the quest for the
                  | Orb.
     0 | D:1      | Reached XP level 1. HP: 14/14 MP: 3/3
    59 | D:1      | Reached XP level 2. HP: 14/20 MP: 0/5
   304 | D:1      | Learned a level 2 spell: Searing Ray
  1060 | D:2      | Reached XP level 3. HP: 26/26 MP: 6/6
  1065 | D:2      | Learned a level 3 spell: Dazzling Spray
  1143 | D:2      | Reached skill level 1 in Throwing
  1349 | D:2      | Reached XP level 4. HP: 33/33 MP: 4/7
  1436 | D:2      | Upgraded the game from 0.24.0-29-g8ce449bc06 to
                  | 0.24.0-35-gdb84b6a5db
  1487 | D:2      | Upgraded the game from 0.24.0-35-gdb84b6a5db to
                  | 0.24.0-37-gcf1ca852f1
  1944 | D:2      | Reached skill level 1 in Fighting
  1987 | D:2      | Reached skill level 1 in Short Blades
  2062 | D:3      | Upgraded the game from 0.24.0-37-gcf1ca852f1 to
                  | 0.24.0-41-g2ae2f7f1be
  2433 | D:3      | Found a hazy altar of Hepliaklqana.
  3042 | D:3      | Reached XP level 5. HP: 38/40 MP: 5/8
  3043 | D:3      | Upgraded the game from 0.24.0-41-g2ae2f7f1be to
                  | 0.24.0-123-gd5b16e6ec5
  3249 | D:4      | Found a hide-covered altar of Uskayaw.
  4106 | D:4      | Found Jisith's Antique Armour Emporium.
  4332 | D:4      | Found an opulent altar of Gozag.
  4440 | D:5      | Entered Level 5 of the Dungeon
  4483 | D:5      | Reached XP level 6. HP: 21/47 MP: 1/9
  4661 | D:5      | Noticed Ijyb
  4670 | D:5      | Killed from afar by Ijyb

Levels and vault maps discovered:
D:1:      dpeg_arrival_simpleton_c, layout_basic
D:2:      layout_basic, nicolae_overflow_hidden_temple
D:3:      layout_loops_cross, lemuel_round_altar
D:4:      layout_basic, nicolae_overflow_crystal_walls, grunt_gozag_breadcrumbs,
          serial_shops, shop, serial_glass, glass_columns_c, glass_columns_a,
          glass_columns_c
D:5:      kb_forest_paths, layout_basic, gammafunk_temple_overflow_claw,
          first_ration, minmay_misc_feat_encased, uniq_ijyb

Skill      XL: |  1  2  3  4  5 |
---------------+----------------+-----
Dodging        | 2 |  2.5
Stealth        | 2 |  2.6
Throwing       | 1 2 |  2.6
Fighting       | 1 |  1.4
Short Blades   | 1 2 |  2.0
Unarmed Combat | |  0.2
Spellcasting   | |  2.6
Conjurations   | |  4.7

Action                   |  1- 3 |  4- 6 || total
-------------------------+-------+-------++-------
Melee: Unarmed           |     4 |       ||     4
       Short sword       |    18 |       ||    18
       Tailslap          |     2 |    11 ||    13
       Dagger            |     6 |    97 ||   103
Throw: Dart              |    57 |    58 ||   115
       Stone             |       |     2 ||     2
 Cast: Magic Dart        |    20 |    50 ||    70
       Searing Ray       |     2 |     1 ||     3
       Dazzling Spray    |       |     2 ||     2
  Use: Scroll            |     2 |     3 ||     5
       Potion            |     1 |     1 ||     2
 Stab: Sleeping          |     1 |       ||     1
  Eat: Chunk             |    10 |    17 ||    27
Armor: Skin              |    25 |    25 ||    50
Dodge: Dodged            |    43 |    41 ||    84
